3104 views
Uploaded 2020-02-27 21:18:38
Game version 1.32.2
25:25 long 4on4 ladder game on (8)GolemsInTheMist_LV
Saved by Teelo
3104 views
Uploaded 2020-02-27 21:18:38
Game version 1.32.2
25:25 long 4on4 ladder game on (8)GolemsInTheMist_LV


183 units @ 25.4k
/ 2.8k
92 buildings @ 12.7k
/ 5.2k


| Healing Salve | 3 | 300 |
| Lesser Clarity Potion | 1 | 70 |
| Dust of Appearance | 2 | 150 |
| Scroll of Town Portal | 3 | 1050 |
| total: | 9 | 1570g |
| Peon | 11 | 825 | / | 0 |
| Grunt | 1 | 200 | / | 0 |
| Troll Headhunter | 5 | 700 | / | 100 |
| Wind Rider | 13 | 3445 | / | 520 |
| Shaman | 3 | 390 | / | 60 |
| Troll Witch Doctor | 3 | 435 | / | 75 |
| total: | 36 | 5995g | / | 755w |
| Altar of Storms | 1 | 180 | / | 50 |
| Orc Burrow | 7 | 1120 | / | 280 |
| Barracks | 1 | 180 | / | 50 |
| Voodoo Lounge | 1 | 130 | / | 30 |
| War Mill | 2 | 410 | / | 0 |
| Great Hall | 1 | 385 | / | 185 |
| Beastiary | 1 | 145 | / | 140 |
| Spirit Lodge | 2 | 300 | / | 300 |
| Stronghold | 1 | 315 | / | 190 |
| Fortress | 1 | 325 | / | 190 |
| total: | 16 | 2850g | / | 1035w |
| 0:04 | Altar of Storms |
| 0:08 | Orc Burrow |
| 0:10 | Peon |
| 0:10 | Peon |
| 0:33 | Barracks |
| 0:46 | Peon |
| 1:04 | Peon |
| 1:04 | Peon |
| 1:27 | Voodoo Lounge |
| 1:31 | Peon |
| 1:49 | War Mill |
| 1:56 | Peon |
| 2:10 | Wind Walk |
| 2:16 | Orc Burrow |
| 2:38 | Grunt |
| 2:56 | Orc Burrow |
| 3:11 | Troll Headhunter |
| 3:14 | Troll Headhunter |
| 3:39 | Healing Salve |
| 3:39 | Lesser Clarity Potion |
| 3:51 | Troll Headhunter |
| 4:35 | Stronghold |
| 4:40 | Steel Armor |
| 5:07 | Orc Burrow |
| 5:10 | Orc Burrow |
| 5:58 | Healing Salve |
| 6:05 | Orc Burrow |
| 6:09 | Steel Ranged Weapons |
| 6:12 | Troll Headhunter |
| 6:12 | Troll Headhunter |
| 7:17 | Beastiary |
| 7:22 | Spirit Lodge |
| 7:45 | Dust of Appearance |
| 8:11 | Dust of Appearance |
| 8:26 | Scroll of Town Portal |
| 8:34 | Wind Rider |
| 8:34 | Wind Rider |
| 8:41 | Wind Rider |
| 9:16 | Critical Strike |
| 9:32 | Great Hall |
| 9:39 | Shaman Adept Training |
| 10:05 | Fortress |
| 10:57 | Scroll of Town Portal |
| 11:05 | Wind Rider |
| 11:13 | Healing Salve |
| 11:46 | Wind Rider |
| 12:05 | Peon |
| 12:05 | Peon |
| 12:05 | Peon |
| 12:12 | Peon |
| 12:26 | Shaman Master Training |
| 12:41 | Wind Rider |
| 12:44 | Envenomed Spears |
| 12:52 | Shaman |
| 13:05 | Shaman |
| 13:08 | Shaman |
| 13:24 | Spirit Lodge |
| 13:33 | Troll Regeneration |
| 13:36 | Wind Walk |
| 13:42 | Wind Rider |
| 14:03 | Wind Rider |
| 14:03 | Wind Rider |
| 14:03 | Wind Rider |
| 14:36 | War Mill |
| 15:25 | Thorium Ranged Weapons |
| 15:30 | Scroll of Town Portal |
| 15:47 | Critical Strike |
| 16:06 | Wind Walk |
| 16:23 | Thorium Armor |
| 16:56 | Wind Rider |
| 16:56 | Wind Rider |
| 16:56 | Wind Rider |
| 17:57 | Critical Strike |
| 18:28 | Witch Doctor Adept Training |
| 18:31 | Arcanite Ranged Weapons |
| 18:35 | Hex |
| 20:28 | Witch Doctor Master Training |
| 20:36 | Orc Burrow |
| 21:10 | Arcanite Armor |
| 22:20 | Troll Witch Doctor |
| 22:20 | Troll Witch Doctor |
| 22:20 | Troll Witch Doctor |
| 23:27 | Healing Wave |
| 23:37 | Bladestorm |
| 25:00 | Healing Wave |
| Right click | 1426 |
| Select group | 1050 |
| Select | 201 |
| Build/train/purchase | 84 |
| Assign group | 58 |
| Resource trade | 22 |
| Use ability | 17 |
| Chat | 4 |
| Item give/drop | 1 |

| Moonstone | 1 | 50 |
| Potion of Healing | 1 | 150 |
| Scroll of Town Portal | 1 | 350 |
| Boots of Speed | 1 | 250 |
| Scroll of Regeneration | 1 | 100 |
| total: | 5 | 900g |
| Wisp | 22 | 1320 | / | 0 |
| Archer | 28 | 3640 | / | 280 |
| Hippogryph | 14 | 2240 | / | 280 |
| Siege Engine | 10 | 1950 | / | 600 |
| total: | 74 | 9150g | / | 1160w |
| Altar of Elders | 1 | 180 | / | 50 |
| Moon Well | 10 | 1800 | / | 400 |
| Ancient of War | 2 | 300 | / | 120 |
| Ancient of Wonders | 1 | 90 | / | 30 |
| Tree of Life | 3 | 1020 | / | 555 |
| Hunter's Hall | 1 | 210 | / | 100 |
| Ancient of Wind | 2 | 300 | / | 280 |
| Tree of Ages | 1 | 320 | / | 180 |
| Tree of Eternity | 1 | 330 | / | 200 |
| Farm | 8 | 640 | / | 160 |
| Arcane Sanctum | 2 | 300 | / | 280 |
| Workshop | 3 | 420 | / | 420 |
| total: | 33 | 5260g | / | 2395w |
| 0:02 | Wisp |
| 0:03 | Wisp |
| 0:05 | Altar of Elders |
| 0:09 | Moon Well |
| 0:22 | Wisp |
| 0:41 | Wisp |
| 0:47 | Ancient of War |
| 0:54 | Wisp |
| 1:15 | Wisp |
| 1:15 | Wisp |
| 1:27 | Moon Well |
| 1:31 | Moon Well |
| 1:38 | Wisp |
| 1:40 | Wisp |
| 1:49 | Archer |
| 2:10 | Moon Well |
| 2:22 | Archer |
| 2:27 | Ancient of Wonders |
| 2:36 | Archer |
| 2:51 | Archer |
| 2:54 | Wisp |
| 3:08 | Archer |
| 3:48 | Tree of Ages |
| 4:02 | Archer |
| 4:02 | Archer |
| 4:03 | Archer |
| 4:09 | Shadow Strike |
| 4:32 | Blink |
| 4:44 | Archer |
| 4:48 | Tree of Life |
| 5:10 | Archer |
| 5:15 | Moon Well |
| 5:17 | Moon Well |
| 5:39 | Hunter's Hall |
| 5:54 | Archer |
| 6:09 | Moon Well |
| 6:30 | Wisp |
| 6:30 | Wisp |
| 6:53 | Wisp |
| 6:59 | Shadow Strike |
| 7:06 | Ancient of Wind |
| 7:08 | Ancient of Wind |
| 7:10 | Wisp |
| 7:29 | Improved Bows |
| 7:31 | Strength of the Moon |
| 7:31 | Moon Armor |
| 8:32 | Scroll of Regeneration |
| 8:39 | Improved Strength of the Moon |
| 8:40 | Wisp |
| 8:41 | Wisp |
| 8:42 | Archer |
| 8:42 | Archer |
| 8:44 | Hippogryph |
| 8:44 | Hippogryph |
| 8:47 | Moon Well |
| 9:21 | Hippogryph |
| 9:23 | Wisp |
| 9:25 | Moon Well |
| 9:29 | Moonstone |
| 9:41 | Hippogryph |
| 9:47 | Boots of Speed |
| 9:58 | Improved Moon Armor |
| 10:18 | Hippogryph |
| 10:43 | Hippogryph |
| 10:48 | Wisp |
| 11:07 | Tree of Eternity |
| 12:09 | Blink |
| 12:50 | Scroll of Town Portal |
| 12:53 | Potion of Healing |
| 12:54 | Shadow Strike |
| 12:57 | Hippogryph |
| 12:58 | Archer |
| 12:58 | Archer |
| 12:59 | Advanced Moon Armor |
| 14:39 | Hippogryph |
| 14:39 | Hippogryph |
| 14:40 | Archer |
| 14:40 | Archer |
| 14:40 | Archer |
| 15:20 | Spirit of Vengeance |
| 16:02 | Archer |
| 16:02 | Archer |
| 16:07 | Tree of Life |
| 16:12 | Arcane Sanctum |
| 16:14 | Arcane Sanctum |
| 16:28 | Workshop |
| 16:31 | Workshop |
| 16:33 | Black Gunpowder |
| 16:35 | Iron Plating |
| 16:42 | Archer |
| 16:44 | Hippogryph |
| 16:45 | Hippogryph |
| 17:02 | Moon Well |
| 17:38 | Archer |
| 17:39 | Archer |
| 17:39 | Archer |
| 17:43 | Ancient of War |
| 17:52 | Blink |
| 18:36 | Archer |
| 18:38 | Hippogryph |
| 18:39 | Hippogryph |
| 18:40 | Archer |
| 19:02 | Holy Light |
| 19:16 | Fan of Knives |
| 19:58 | Siege Engine |
| 19:58 | Siege Engine |
| 19:58 | Siege Engine |
| 19:58 | Siege Engine |
| 19:58 | Siege Engine |
| 19:59 | Siege Engine |
| 20:03 | Farm |
| 20:04 | Farm |
| 20:06 | Farm |
| 20:06 | Farm |
| 20:07 | Farm |
| 20:10 | Farm |
| 20:10 | Farm |
| 20:11 | Farm |
| 20:21 | Archer |
| 20:23 | Archer |
| 20:27 | Advanced Strength of the Moon |
| 20:29 | Marksmanship |
| 21:23 | Tree of Life |
| 21:57 | Refined Gunpowder |
| 21:57 | Studded Leather Armor |
| 22:05 | Workshop |
| 22:32 | Well Spring |
| 22:34 | Hippogryph |
| 23:19 | Siege Engine |
| 23:19 | Siege Engine |
| 23:21 | Siege Engine |
| 23:54 | Wisp |
| 23:54 | Wisp |
| 23:54 | Wisp |
| 24:00 | Wisp |
| 24:25 | Siege Engine |
| 24:47 | Fan of Knives |
| Right click | 1017 |
| Select group | 519 |
| Select | 405 |
| Build/train/purchase | 149 |
| Misc. action | 62 |
| Use ability | 40 |
| Assign group | 30 |
| Chat | 11 |
| Item give/drop | 7 |
| Esc | 6 |

| Boots of Speed | 1 | 250 |
| total: | 1 | 250g |
| Peasant | 9 | 675 | / | 0 |
| Footman | 16 | 2160 | / | 0 |
| Priest | 1 | 135 | / | 10 |
| total: | 26 | 2970g | / | 10w |
| Scout Tower | 1 | 30 | / | 20 |
| Arcane Tower | 1 | 70 | / | 50 |
| Lumber Mill | 1 | 120 | / | 0 |
| Altar of Kings | 1 | 180 | / | 50 |
| Farm | 8 | 640 | / | 160 |
| Barracks | 2 | 320 | / | 120 |
| Blacksmith | 1 | 140 | / | 60 |
| Arcane Sanctum | 1 | 150 | / | 140 |
| Keep | 1 | 320 | / | 210 |
| Castle | 1 | 360 | / | 210 |
| total: | 15 | 1580g | / | 550w |
| 0:04 | Peasant |
| 0:04 | Peasant |
| 0:04 | Peasant |
| 0:08 | Lumber Mill |
| 0:16 | Altar of Kings |
| 0:19 | Farm |
| 0:33 | Barracks |
| 0:46 | Peasant |
| 1:06 | Peasant |
| 1:16 | Farm |
| 1:18 | Peasant |
| 1:43 | Peasant |
| 1:43 | Peasant |
| 1:49 | Footman |
| 2:28 | Footman |
| 2:30 | Peasant |
| 2:33 | Farm |
| 2:44 | Footman |
| 3:14 | Farm |
| 3:16 | Footman |
| 3:20 | Footman |
| 3:38 | Footman |
| 3:53 | Keep |
| 4:05 | Blacksmith |
| 4:22 | Footman |
| 4:24 | Defend |
| 4:29 | Farm |
| 4:39 | Holy Light |
| 5:16 | Iron Forged Swords |
| 5:54 | Scout Tower |
| 5:57 | Footman |
| 6:01 | Iron Plating |
| 6:37 | Arcane Tower |
| 6:39 | Footman |
| 6:58 | Footman |
| 7:00 | Steel Forged Swords |
| 7:02 | Castle |
| 7:13 | Barracks |
| 7:18 | Farm |
| 7:21 | Devotion Aura |
| 7:30 | Footman |
| 7:35 | Arcane Sanctum |
| 7:59 | Farm |
| 8:16 | Devotion Aura |
| 8:19 | Boots of Speed |
| 8:27 | Farm |
| 8:30 | Footman |
| 9:05 | Footman |
| 9:09 | Priest |
| 9:22 | Footman |
| 9:28 | Steel Plating |
| 10:28 | Footman |
| 10:48 | Footman |
| Right click | 239 |
| Select | 160 |
| Build/train/purchase | 50 |
| Select group | 42 |
| Chat | 32 |
| Misc. action | 14 |
| Use ability | 10 |
| Assign group | 5 |
| Remove unit | 2 |
| Minimap ping | 1 |

| Lesser Clarity Potion | 8 | 560 |
| Orb of Fire | 1 | 325 |
| Ivory Tower | 2 | 80 |
| Scroll of Regeneration | 1 | 100 |
| Potion of Healing | 2 | 300 |
| Staff of Sanctuary | 1 | 250 |
| Scroll of Town Portal | 2 | 700 |
| Healing Salve | 1 | 100 |
| total: | 18 | 2415g |
| Peasant | 16 | 1200 | / | 0 |
| Footman | 13 | 1755 | / | 0 |
| Spell Breaker | 7 | 1505 | / | 210 |
| Knight | 10 | 2450 | / | 600 |
| Goblin Shredder | 1 | 375 | / | 100 |
| total: | 47 | 7285g | / | 910w |
| Scout Tower | 8 | 240 | / | 160 |
| Arcane Tower | 1 | 70 | / | 50 |
| Guard Tower | 4 | 280 | / | 200 |
| Altar of Kings | 1 | 180 | / | 50 |
| Farm | 10 | 800 | / | 200 |
| Barracks | 3 | 480 | / | 180 |
| Lumber Mill | 1 | 120 | / | 0 |
| Arcane Vault | 1 | 130 | / | 30 |
| Town Hall | 2 | 770 | / | 410 |
| Blacksmith | 1 | 140 | / | 60 |
| Arcane Sanctum | 1 | 150 | / | 140 |
| Keep | 1 | 320 | / | 210 |
| Castle | 1 | 360 | / | 210 |
| total: | 28 | 3010g | / | 1230w |
| 0:04 | Peasant |
| 0:04 | Peasant |
| 0:04 | Peasant |
| 0:21 | Altar of Kings |
| 0:36 | Farm |
| 0:38 | Peasant |
| 0:51 | Barracks |
| 0:57 | Peasant |
| 0:57 | Peasant |
| 0:57 | Peasant |
| 1:07 | Scout Tower |
| 1:23 | Lumber Mill |
| 1:43 | Peasant |
| 1:51 | Arcane Tower |
| 1:56 | Farm |
| 2:07 | Arcane Vault |
| 2:26 | Flame Strike |
| 2:35 | Footman |
| 2:35 | Footman |
| 2:36 | Peasant |
| 2:36 | Peasant |
| 3:13 | Lesser Clarity Potion |
| 3:13 | Lesser Clarity Potion |
| 3:52 | Siphon Mana |
| 4:02 | Peasant |
| 4:02 | Peasant |
| 4:08 | Town Hall |
| 4:12 | Scout Tower |
| 4:14 | Scout Tower |
| 4:17 | Scout Tower |
| 4:24 | Farm |
| 4:27 | Farm |
| 4:48 | Guard Tower |
| 4:54 | Improved Masonry |
| 5:07 | Footman |
| 5:07 | Footman |
| 5:10 | Lesser Clarity Potion |
| 5:21 | Blacksmith |
| 5:45 | Footman |
| 6:09 | Footman |
| 6:11 | Keep |
| 6:18 | Barracks |
| 6:39 | Footman |
| 6:41 | Defend |
| 6:56 | Lesser Clarity Potion |
| 6:56 | Lesser Clarity Potion |
| 7:22 | Footman |
| 7:25 | Iron Forged Swords |
| 7:26 | Iron Plating |
| 8:16 | Flame Strike |
| 8:20 | Healing Salve |
| 8:23 | Lesser Clarity Potion |
| 8:33 | Steel Forged Swords |
| 8:35 | Castle |
| 8:37 | Peasant |
| 8:40 | Footman |
| 8:43 | Farm |
| 8:44 | Farm |
| 8:45 | Farm |
| 8:45 | Farm |
| 8:46 | Farm |
| 8:47 | Farm |
| 8:48 | Improved Lumber Harvesting |
| 8:49 | Advanced Masonry |
| 9:14 | Arcane Sanctum |
| 9:29 | Footman |
| 9:31 | Footman |
| 10:05 | Footman |
| 10:26 | Footman |
| 10:53 | Spell Breaker |
| 10:54 | Spell Breaker |
| 10:54 | Magic Sentry |
| 10:56 | Knight |
| 11:07 | Lesser Clarity Potion |
| 11:09 | Scroll of Town Portal |
| 11:10 | Orb of Fire |
| 11:10 | Ivory Tower |
| 11:11 | Ivory Tower |
| 11:25 | Guard Tower |
| 11:28 | Spell Breaker |
| 11:40 | Sundering Blades |
| 11:40 | Animal War Training |
| 12:12 | Advanced Lumber Harvesting |
| 12:13 | Imbued Masonry |
| 12:36 | Knight |
| 12:49 | Peasant |
| 13:38 | Knight |
| 14:00 | Scroll of Regeneration |
| 14:04 | Potion of Healing |
| 14:06 | Scroll of Town Portal |
| 14:07 | Potion of Healing |
| 14:36 | Lesser Clarity Potion |
| 14:39 | Staff of Sanctuary |
| 14:58 | Knight |
| 15:05 | Siphon Mana |
| 15:22 | Mithril Forged Swords |
| 15:22 | Steel Plating |
| 15:59 | Flame Strike |
| 16:08 | Knight |
| 16:34 | Knight |
| 16:37 | Barracks |
| 16:40 | Spell Breaker |
| 16:41 | Spell Breaker |
| 17:24 | Summon Phoenix |
| 17:46 | Knight |
| 17:49 | Spell Breaker |
| 18:24 | Goblin Shredder |
| 18:58 | Siphon Mana |
| 19:21 | Knight |
| 19:27 | Spell Breaker |
| 20:03 | Mithril Plating |
| 20:43 | Knight |
| 21:00 | Control Magic |
| 21:05 | Peasant |
| 21:05 | Peasant |
| 22:12 | Town Hall |
| 22:17 | Scout Tower |
| 22:18 | Scout Tower |
| 22:19 | Scout Tower |
| 22:19 | Scout Tower |
| 22:42 | Knight |
| 23:37 | Guard Tower |
| 23:39 | Guard Tower |
| 24:33 | Banish |
| Select group | 399 |
| Right click | 262 |
| Select | 244 |
| Misc. action | 202 |
| Build/train/purchase | 131 |
| Assign group | 90 |
| Chat | 82 |
| Use ability | 70 |
| Minimap ping | 5 |
| Item give/drop | 2 |
| Esc | 2 |
154 units @ 23k
/ 3k
99 buildings @ 13.5k
/ 6k


| Rod of Necromancy | 3 | 450 |
| Potion of Healing | 1 | 150 |
| Ritual Dagger | 1 | 125 |
| Scroll of Town Portal | 1 | 350 |
| Scroll of Healing | 1 | 250 |
| total: | 7 | 1325g |
| Acolyte | 7 | 525 | / | 0 |
| Ghoul | 10 | 1200 | / | 0 |
| Gargoyle | 22 | 3850 | / | 660 |
| Goblin Shredder | 1 | 375 | / | 100 |
| Goblin Zeppelin | 1 | 240 | / | 60 |
| total: | 41 | 6190g | / | 820w |
| Spirit Tower | 3 | 435 | / | 120 |
| Crypt | 3 | 600 | / | 150 |
| Ziggurat | 8 | 1200 | / | 400 |
| Tomb of Relics | 1 | 130 | / | 30 |
| Altar of Darkness | 1 | 180 | / | 50 |
| Graveyard | 1 | 215 | / | 0 |
| Necropolis | 1 | 225 | / | 0 |
| Halls of the Dead | 2 | 640 | / | 420 |
| Black Citadel | 1 | 325 | / | 230 |
| total: | 15 | 2550g | / | 630w |
| 0:06 | Acolyte |
| 0:06 | Acolyte |
| 0:14 | Crypt |
| 0:18 | Ziggurat |
| 0:42 | Crypt |
| 1:16 | Ghoul |
| 1:16 | Ghoul |
| 1:22 | Ziggurat |
| 1:33 | Tomb of Relics |
| 1:38 | Ghoul |
| 1:53 | Altar of Darkness |
| 2:10 | Ghoul |
| 2:45 | Ghoul |
| 2:51 | Halls of the Dead |
| 3:12 | Ghoul |
| 3:14 | Ghoul |
| 3:30 | Ziggurat |
| 3:42 | Ghoul |
| 3:42 | Ghoul |
| 3:57 | Rod of Necromancy |
| 3:59 | Sleep |
| 4:46 | Carrion Swarm |
| 5:05 | Ghoul |
| 5:17 | Goblin Shredder |
| 6:04 | Acolyte |
| 6:40 | Carrion Swarm |
| 7:17 | Graveyard |
| 7:20 | Rod of Necromancy |
| 7:27 | Goblin Zeppelin |
| 8:29 | Necropolis |
| 8:42 | Acolyte |
| 8:42 | Acolyte |
| 8:42 | Acolyte |
| 8:42 | Acolyte |
| 8:59 | Gargoyle |
| 9:17 | Cannibalize |
| 9:54 | Gargoyle |
| 10:31 | Spiked Carapace |
| 10:40 | Vampiric Aura |
| 10:53 | Gargoyle |
| 11:13 | Crypt |
| 11:18 | Ziggurat |
| 11:20 | Ziggurat |
| 11:22 | Ziggurat |
| 11:36 | Creature Attack |
| 11:37 | Creature Carapace |
| 11:41 | Gargoyle |
| 11:44 | Impale |
| 12:07 | Gargoyle |
| 12:26 | Gargoyle |
| 12:51 | Gargoyle |
| 13:14 | Gargoyle |
| 13:19 | Improved Creature Attack |
| 13:40 | Gargoyle |
| 14:12 | Gargoyle |
| 14:22 | Spiked Carapace |
| 14:43 | Gargoyle |
| 15:02 | Improved Creature Carapace |
| 15:18 | Carrion Swarm |
| 15:45 | Gargoyle |
| 15:59 | Gargoyle |
| 16:29 | Scroll of Town Portal |
| 16:53 | Gargoyle |
| 17:24 | Gargoyle |
| 17:40 | Gargoyle |
| 17:49 | Potion of Healing |
| 17:52 | Ritual Dagger |
| 18:12 | Rod of Necromancy |
| 18:26 | Gargoyle |
| 19:11 | Gargoyle |
| 19:48 | Gargoyle |
| 20:04 | Spirit Tower |
| 20:19 | Spirit Tower |
| 20:23 | Black Citadel |
| 20:40 | Gargoyle |
| 20:56 | Ziggurat |
| 21:00 | Ziggurat |
| 21:04 | Gargoyle |
| 21:53 | Spirit Tower |
| 22:13 | Gargoyle |
| 23:29 | Scroll of Healing |
| 24:31 | Inferno |
| 24:47 | Impale |
| 25:01 | Spiked Carapace |
| Right click | 481 |
| Select | 351 |
| Select group | 183 |
| Misc. action | 106 |
| Build/train/purchase | 90 |
| Use ability | 59 |
| Assign group | 33 |
| Item give/drop | 4 |
| Minimap ping | 2 |
| Remove unit | 1 |

| Healing Salve | 3 | 300 |
| Potion of Healing | 1 | 150 |
| Lesser Clarity Potion | 1 | 70 |
| Boots of Speed | 1 | 250 |
| Circlet of Nobility | 1 | 175 |
| total: | 7 | 945g |
| Peon | 16 | 1200 | / | 0 |
| Grunt | 10 | 2000 | / | 0 |
| Shaman | 6 | 780 | / | 120 |
| Tauren | 2 | 560 | / | 160 |
| Troll Batrider | 19 | 3040 | / | 760 |
| Wind Rider | 3 | 795 | / | 120 |
| Goblin Zeppelin | 1 | 240 | / | 60 |
| total: | 57 | 8615g | / | 1220w |
| Watch Tower | 19 | 2090 | / | 1520 |
| Altar of Storms | 1 | 180 | / | 50 |
| Orc Burrow | 7 | 1120 | / | 280 |
| Barracks | 1 | 180 | / | 50 |
| Voodoo Lounge | 1 | 130 | / | 30 |
| War Mill | 1 | 205 | / | 0 |
| Great Hall | 1 | 385 | / | 185 |
| Tauren Totem | 2 | 270 | / | 310 |
| Spirit Lodge | 1 | 150 | / | 150 |
| Beastiary | 1 | 145 | / | 140 |
| Stronghold | 1 | 315 | / | 190 |
| Fortress | 1 | 325 | / | 190 |
| total: | 35 | 4855g | / | 2715w |
| 0:02 | Peon |
| 0:10 | Altar of Storms |
| 0:18 | Orc Burrow |
| 0:20 | Peon |
| 0:29 | Peon |
| 0:36 | Barracks |
| 0:52 | Peon |
| 1:05 | Peon |
| 1:31 | Peon |
| 1:35 | Orc Burrow |
| 1:37 | Grunt |
| 2:06 | Peon |
| 2:16 | Endurance Aura |
| 2:29 | Grunt |
| 2:34 | Orc Burrow |
| 2:37 | Peon |
| 2:54 | Grunt |
| 3:03 | Voodoo Lounge |
| 3:20 | Grunt |
| 3:50 | Boots of Speed |
| 4:16 | Grunt |
| 4:23 | Shockwave |
| 4:26 | Healing Salve |
| 4:37 | Healing Salve |
| 4:44 | Grunt |
| 5:13 | Circlet of Nobility |
| 5:31 | Stronghold |
| 5:32 | Grunt |
| 5:36 | Orc Burrow |
| 6:14 | Endurance Aura |
| 6:38 | Grunt |
| 6:39 | Grunt |
| 6:42 | Healing Salve |
| 7:06 | Grunt |
| 7:21 | Goblin Zeppelin |
| 8:15 | Peon |
| 8:20 | War Mill |
| 8:44 | Great Hall |
| 8:52 | Fortress |
| 8:55 | Tauren Totem |
| 8:58 | Spirit Lodge |
| 9:02 | Tauren Totem |
| 9:35 | Watch Tower |
| 9:36 | Watch Tower |
| 9:42 | Watch Tower |
| 9:45 | Watch Tower |
| 10:14 | Shaman Adept Training |
| 10:23 | Steel Armor |
| 10:24 | Steel Melee Weapons |
| 10:32 | Shockwave |
| 11:16 | Shaman Master Training |
| 11:16 | Shaman |
| 11:16 | Shaman |
| 11:16 | Shaman |
| 11:17 | Shaman |
| 11:25 | Peon |
| 11:26 | Peon |
| 11:26 | Peon |
| 11:32 | Tauren |
| 11:32 | Tauren |
| 11:38 | Shaman |
| 13:00 | Watch Tower |
| 13:01 | Watch Tower |
| 13:03 | Watch Tower |
| 13:04 | Watch Tower |
| 13:05 | Watch Tower |
| 13:06 | Watch Tower |
| 13:07 | Watch Tower |
| 13:08 | Watch Tower |
| 13:11 | Watch Tower |
| 14:15 | Orc Burrow |
| 14:18 | Orc Burrow |
| 14:51 | Watch Tower |
| 14:52 | Watch Tower |
| 14:57 | Reinforced Defenses |
| 14:57 | Spiked Barricades |
| 14:59 | Peon |
| 14:59 | Peon |
| 15:06 | Shaman |
| 16:08 | Peon |
| 16:08 | Peon |
| 18:00 | Orc Burrow |
| 18:48 | Endurance Aura |
| 18:55 | Potion of Healing |
| 18:59 | Lesser Clarity Potion |
| 19:13 | Troll Batrider |
| 19:14 | Troll Batrider |
| 19:14 | Troll Batrider |
| 19:14 | Troll Batrider |
| 19:14 | Troll Batrider |
| 19:14 | Troll Batrider |
| 19:15 | Troll Batrider |
| 19:19 | Beastiary |
| 20:32 | Troll Batrider |
| 20:32 | Troll Batrider |
| 20:32 | Troll Batrider |
| 20:32 | Troll Batrider |
| 20:55 | Wind Rider |
| 20:56 | Wind Rider |
| 20:57 | Wind Rider |
| 21:02 | Troll Batrider |
| 21:05 | Steel Ranged Weapons |
| 21:19 | Improved Spiked Barricades |
| 21:22 | Watch Tower |
| 21:22 | Watch Tower |
| 21:24 | Watch Tower |
| 21:27 | Watch Tower |
| 22:08 | Troll Batrider |
| 22:08 | Troll Batrider |
| 22:22 | Troll Batrider |
| 22:22 | Troll Batrider |
| 22:22 | Troll Batrider |
| 23:19 | Troll Batrider |
| 23:19 | Troll Batrider |
| Right click | 717 |
| Select | 447 |
| Build/train/purchase | 93 |
| Use ability | 62 |
| Misc. action | 48 |
| Resource trade | 32 |
| Remove unit | 14 |
| Select group | 13 |
| Assign group | 9 |
| Esc | 9 |
| Minimap ping | 7 |
| Item give/drop | 1 |


| Scroll of Regeneration | 2 | 200 |
| Boots of Speed | 1 | 250 |
| Circlet of Nobility | 1 | 175 |
| Periapt of Vitality | 1 | 325 |
| total: | 5 | 950g |
| Peasant | 13 | 975 | / | 0 |
| Footman | 8 | 1080 | / | 0 |
| Rifleman | 13 | 2665 | / | 390 |
| Gryphon Rider | 3 | 840 | / | 210 |
| Forest Troll Shadow Priest | 1 | 195 | / | 10 |
| total: | 38 | 5755g | / | 610w |
| Scout Tower | 3 | 90 | / | 60 |
| Arcane Tower | 1 | 70 | / | 50 |
| Guard Tower | 1 | 70 | / | 50 |
| Altar of Kings | 1 | 180 | / | 50 |
| Farm | 13 | 1040 | / | 260 |
| Barracks | 2 | 320 | / | 120 |
| Blacksmith | 2 | 280 | / | 120 |
| Arcane Vault | 1 | 130 | / | 30 |
| Lumber Mill | 1 | 120 | / | 0 |
| Town Hall | 1 | 385 | / | 205 |
| Gryphon Aviary | 2 | 280 | / | 300 |
| Keep | 1 | 320 | / | 210 |
| Castle | 1 | 360 | / | 210 |
| total: | 26 | 2825g | / | 1145w |
| 0:04 | Peasant |
| 0:08 | Altar of Kings |
| 0:11 | Farm |
| 0:14 | Peasant |
| 0:21 | Peasant |
| 0:33 | Peasant |
| 0:41 | Barracks |
| 0:45 | Peasant |
| 0:54 | Peasant |
| 1:06 | Farm |
| 1:08 | Peasant |
| 1:19 | Peasant |
| 1:25 | Peasant |
| 1:36 | Peasant |
| 1:43 | Footman |
| 1:49 | Farm |
| 1:54 | Scout Tower |
| 2:05 | Footman |
| 2:05 | Footman |
| 2:15 | Summon Water Elemental |
| 2:27 | Footman |
| 2:30 | Arcane Tower |
| 2:44 | Blacksmith |
| 2:50 | Blacksmith |
| 2:51 | Footman |
| 3:05 | Footman |
| 3:05 | Footman |
| 3:26 | Footman |
| 3:30 | Farm |
| 3:32 | Farm |
| 4:03 | Keep |
| 4:26 | Brilliance Aura |
| 4:30 | Rifleman |
| 4:32 | Black Gunpowder |
| 4:54 | Arcane Vault |
| 5:10 | Forest Troll Shadow Priest |
| 5:15 | Rifleman |
| 5:32 | Studded Leather Armor |
| 5:34 | Rifleman |
| 5:57 | Scroll of Regeneration |
| 5:57 | Scroll of Regeneration |
| 6:01 | Farm |
| 6:04 | Farm |
| 6:08 | Lumber Mill |
| 6:31 | Long Rifles |
| 6:34 | Summon Water Elemental |
| 6:58 | Rifleman |
| 7:05 | Farm |
| 7:19 | Rifleman |
| 7:25 | Refined Gunpowder |
| 8:32 | Town Hall |
| 8:35 | Peasant |
| 8:35 | Peasant |
| 8:35 | Peasant |
| 9:39 | Reinforced Leather Armor |
| 10:13 | Holy Light |
| 10:44 | Rifleman |
| 11:05 | Castle |
| 11:14 | Scout Tower |
| 11:14 | Scout Tower |
| 11:49 | Boots of Speed |
| 11:51 | Circlet of Nobility |
| 11:55 | Periapt of Vitality |
| 12:10 | Iron Forged Swords |
| 12:14 | Rifleman |
| 12:20 | Barracks |
| 13:01 | Rifleman |
| 13:02 | Rifleman |
| 13:51 | Rifleman |
| 13:58 | Gryphon Aviary |
| 14:00 | Gryphon Aviary |
| 14:46 | Steel Forged Swords |
| 14:52 | Farm |
| 14:53 | Farm |
| 14:56 | Guard Tower |
| 15:30 | Farm |
| 15:30 | Farm |
| 15:36 | Farm |
| 15:40 | Storm Hammers |
| 15:56 | Gryphon Rider |
| 16:35 | Gryphon Rider |
| 16:40 | Rifleman |
| 17:16 | Gryphon Rider |
| 17:19 | Rifleman |
| 17:56 | Rifleman |
| 18:38 | Blizzard |
| Right click | 990 |
| Select | 374 |
| Select group | 279 |
| Build/train/purchase | 75 |
| Misc. action | 41 |
| Assign group | 26 |
| Use ability | 6 |
| Chat | 5 |
| Esc | 2 |



| Healing Salve | 5 | 500 |
| Lesser Clarity Potion | 4 | 280 |
| Orb of Lightning | 2 | 750 |
| Scroll of Town Portal | 2 | 700 |
| total: | 13 | 2230g |
| Peon | 9 | 675 | / | 0 |
| Spirit Walker | 5 | 975 | / | 175 |
| Tauren | 1 | 280 | / | 80 |
| Troll Batrider | 3 | 480 | / | 120 |
| total: | 18 | 2410g | / | 375w |
| Watch Tower | 7 | 770 | / | 560 |
| Barracks | 1 | 180 | / | 50 |
| Altar of Storms | 1 | 180 | / | 50 |
| Orc Burrow | 8 | 1280 | / | 320 |
| Voodoo Lounge | 2 | 260 | / | 60 |
| War Mill | 1 | 205 | / | 0 |
| Tauren Totem | 2 | 270 | / | 310 |
| Beastiary | 1 | 145 | / | 140 |
| Stronghold | 1 | 315 | / | 190 |
| Fortress | 1 | 325 | / | 190 |
| total: | 23 | 3290g | / | 1490w |
| 0:05 | Peon |
| 0:10 | Barracks |
| 0:14 | Altar of Storms |
| 0:16 | Orc Burrow |
| 0:18 | Peon |
| 0:29 | Peon |
| 0:42 | Peon |
| 0:52 | Peon |
| 1:21 | Peon |
| 1:37 | Peon |
| 1:41 | Voodoo Lounge |
| 1:43 | Voodoo Lounge |
| 1:45 | Peon |
| 1:53 | Stronghold |
| 2:17 | Wind Walk |
| 2:39 | Orc Burrow |
| 2:46 | Healing Salve |
| 2:46 | Healing Salve |
| 2:46 | Healing Salve |
| 2:47 | Lesser Clarity Potion |
| 2:47 | Lesser Clarity Potion |
| 3:04 | War Mill |
| 3:22 | Orc Burrow |
| 4:42 | Fortress |
| 4:48 | Tauren Totem |
| 4:57 | Tauren Totem |
| 6:05 | Spirit Walker |
| 6:09 | Spirit Walker |
| 6:13 | Spirit Walker Adept Training |
| 6:32 | Watch Tower |
| 6:54 | Watch Tower |
| 7:10 | Tauren |
| 7:18 | Orc Burrow |
| 7:28 | Orc Burrow |
| 7:40 | Orc Burrow |
| 7:47 | Orc Burrow |
| 8:01 | Peon |
| 8:23 | Endurance Aura |
| 8:55 | Critical Strike |
| 9:11 | Scroll of Town Portal |
| 9:12 | Orb of Lightning |
| 9:20 | Spirit Walker Master Training |
| 9:21 | Spirit Walker |
| 9:31 | Pulverize |
| 10:38 | War Stomp |
| 11:56 | Lesser Clarity Potion |
| 12:09 | Healing Salve |
| 12:10 | Lesser Clarity Potion |
| 12:18 | Scroll of Town Portal |
| 12:24 | Steel Armor |
| 12:35 | Spirit Walker |
| 13:24 | Thorium Armor |
| 14:16 | Beastiary |
| 14:31 | Drunken Haze |
| 15:36 | Watch Tower |
| 15:37 | Watch Tower |
| 15:39 | Watch Tower |
| 15:45 | Orc Burrow |
| 16:00 | Watch Tower |
| 16:04 | Watch Tower |
| 16:06 | Spirit Walker |
| 16:09 | Troll Batrider |
| 16:10 | Troll Batrider |
| 16:15 | Orb of Lightning |
| 16:33 | Healing Salve |
| 16:48 | Troll Batrider |
| Right click | 724 |
| Select | 258 |
| Build/train/purchase | 100 |
| Misc. action | 84 |
| Select group | 62 |
| Use ability | 31 |
| Assign group | 24 |
| Minimap ping | 7 |
| Item give/drop | 4 |
| Esc | 3 |
| Remove unit | 1 |
⇛